 Dungeon Crawl Stone Soup version 0.21.0-34-g9234887 (webtiles) character file.

219 Lathuz the Cudgeler (level 5, -2/32 HPs)
             Began as a Gargoyle Fighter on Jan 29, 2018.
             Killed by nerve-wracking pain
             ... invoked by an orc priest
              (6 damage)
             ... on level 4 of the Dungeon.
             The game lasted 00:07:02 (2641 turns).

Lathuz the Cudgeler (Gargoyle Fighter)              Turns: 2641, Time: 00:07:03

Health: -2/32      AC: 15    Str: 20    XL:     5   Next: 96%
Magic:  5/5        EV:  3    Int:  9    God:
Gold:   188        SH:  9    Dex:  9    Spells: 4/4 levels left

rFire    . . .     SeeInvis .   a - +0 flail
rCold    . . .     Gourm    .   c - +0 shield
rNeg     + . .     Faith    .   o - +0 plate armour
rPois    ∞         Spirit   .   (no helmet)
rElec    +         Reflect  .   (no cloak)
rCorr    .         Harm     .   (no gloves)
MR       .....                  (no boots)
Stlth    ..........             (no amulet)
HPRegen  0.10/turn              h - ring of loudness (curse)
MPRegen  0.09/turn              (no ring)

@: no status effects
A: negative energy resistance 1, electricity resistance, unbreathing,
petrification resistance, rot immunity, AC +4
a: no special abilities


You were on level 4 of the Dungeon.
You were not hungry.

You visited 1 branch of the dungeon, and saw 4 of its levels.

You collected 188 gold pieces.

Inventory:

Hand Weapons
 a - a +0 flail (weapon)
Missiles
 e - 20 stones (quivered)
Armour
 c - a +0 shield (worn)
 o - a +0 plate armour (worn)
Jewellery
 h - a cursed ring of loudness (left hand)
Scrolls
 g - a scroll of fog {unknown}
 j - a scroll of enchant weapon
 k - 2 scrolls of remove curse {unknown}
 l - a scroll of blinking {unknown}
 m - a scroll of random uselessness {unknown}
 n - a scroll of identify
Potions
 d - a potion of might
 p - a potion of invisibility
Books
 b - a book of Necromancy

   Spells                             Type                      Level
   a - Pain                           Necromancy                   1
   b - Animate Skeleton               Necromancy                   1
   c - Vampiric Draining              Necromancy                   3
   d - Regeneration                   Charms/Necromancy            3
   e - Animate Dead                   Necromancy                   4
   f - Borgnjor's Vile Clutch         Necromancy/Earth             5
Comestibles
 f - 5 rations


   Skills:
 - Level 3.2 Fighting
 + Level 6.0 Maces & Flails
 - Level 3.2 Armour
 - Level 3.2 Shields


You had 4 spell levels left.
You didn't know any spells.

Dungeon Overview and Level Annotations

Branches:
Dungeon (4/15)
 Temple: D:4-7

Altars:
Makhleb
Trog


Innate Abilities, Weirdness & Mutations

You are resistant to torment.
Your stone body is resilient. (AC +4)
You are immune to poison.
You resist negative energy. (rN+)
You are resistant to electric shocks. (rElec)
You can survive without breathing.
You are immune to petrification.
You are immune to rotting.


Message History

The orc priest hits you with a dagger.
* * * LOW HITPOINT WARNING * * *
You closely miss the orc priest.
The orc priest is heavily wounded.
The orc priest miscasts a cantrip.
You block the orc priest's attack.
You closely miss the orc priest.
The orc priest is heavily wounded.
The orc priest looks satisfied for a moment.
You hit the orc priest.
The orc priest is almost dead.
The orc priest hits you but does no damage.
Your shield and plate armour prevent you from hitting the orc priest.
The orc priest is almost dead.
The orc priest hits you but does no damage.
You closely miss the orc priest.
The orc priest is almost dead.
The orc priest invokes the aid of Beogh against you.
Pain shoots through your body!
You die...

.# ## # ... # ## #. .###
.o# #o# #@######
#).....##
#############......#
#####.......(.....######
......#############
#######


You could see an orc priest and an orc.

Vanquished Creatures
  A bullfrog skeleton (D:4)
  An orc wizard (D:4)
  2 worker ants (D:3)
  A gnoll (D:1)
  An ooze (D:2)
  An adder skeleton (D:4)
  4 worms
  A dart slug (D:2)
  3 leopard geckos
  14 orcs
  6 goblins
  6 hobgoblins
  3 jackals (D:3)
  2 quokkas (D:3)
  11 bats
  2 frilled lizards
  4 kobolds
  11 rats
74 creatures vanquished.

Notes
Turn   | Place    | Note
-------+----------+-------------------------------------------
     0 | D:1      | Lathuz the Gargoyle Fighter began the quest for the Orb.
     0 | D:1      | Reached XP level 1. HP: 14/14 MP: 1/1
   234 | D:1      | Reached XP level 2. HP: 19/19 MP: 2/2
   274 | D:1      | Reached skill level 3 in Maces & Flails
   407 | D:1      | Reached XP level 3. HP: 23/23 MP: 3/3
  1113 | D:2      | Reached skill level 4 in Maces & Flails
  1506 | D:3      | Reached XP level 4. HP: 28/28 MP: 4/4
  1917 | D:3      | Noticed a moth of wrath
  1920 | D:3      | Found a bloodstained altar of Trog.
  2111 | D:3      | Found a burning altar of Makhleb.
  2227 | D:4      | Reached skill level 5 in Maces & Flails
  2230 | D:4      | Reached XP level 5. HP: 29/32 MP: 5/5
  2631 | D:4      | Reached skill level 6 in Maces & Flails
  2641 | D:4      | Killed from afar by an orc priest

Skill      XL: |  1  2  3  4  5 |
---------------+----------------+-----
Maces & Flails | 3 4 5 6 |  6.0
Fighting       | |  3.2
Armour         | |  3.2
Shields        | |  3.2

Action                   |  1- 3 |  4- 6 || total
-------------------------+-------+-------++-------
Melee: Flail             |   127 |   237 ||   364
Throw: Stone             |     2 |     4 ||     6
  Use: Scroll            |       |     4 ||     4
  Eat: Chunk             |     2 |     4 ||     6
Armor: Plate armour      |   111 |   227 ||   338
       Scale mail        |     7 |       ||     7
Dodge: Dodged            |    20 |    45 ||    65
Block: Shield            |    68 |   148 ||   216
